 Dungeon Crawl Stone Soup version 0.27.1-2-g3b301248ec (webtiles) character file.

Game seed: 15240307226837252194

1244 chaosape the Conjurer (level 8, -8/60 HPs)
             Began as a Gnoll Wanderer on Sept 29, 2021.
             Was a Follower of Okawaru.
             Shot with an arrow by a centaur (11 damage)
             ... on level 7 of the Dungeon on Oct 1, 2021.
             The game lasted 00:49:27 (11078 turns).

chaosape the Conjurer (Gnoll Wanderer)             Turns: 11078, Time: 00:49:28

Health: -8/60      AC: 11    Str: 12    XL:     8   Next: 50%
Magic:  15/17      EV: 11    Int: 19    God:    Okawaru [*.....]
Gold:   215        SH:  0    Dex: 12    Spells: 15/19 levels left

rFire    + . .     SeeInvis .   O - +2 mace (protect)
rCold    + . .     Faith    .   (no shield)
rNeg     . . .     Spirit   .   J - +4 ring mail {rC+}
rPois    .         Reflect  .   L - +2 hat
rElec    .         Harm     .   (no cloak)
rCorr    .         Rampage  .   (no gloves)
Will     .....                  (no boots)
Stlth    ++........             (no amulet)
HPRegen  0.20/turn              j - ring of protection from fire
MPRegen  0.15/turn              P - +6 ring of intelligence

@: no status effects
A: fangs 1, strong nose, distributed training
a: Renounce Religion, Heroism


You were on level 7 of the Dungeon.
You worshipped Okawaru.
Okawaru was aware of your devotion.
You visited 2 branches of the dungeon, and saw 8 of its levels.

You collected 397 gold pieces.
You spent 182 gold pieces at shops.

Inventory:

Hand Weapons
 a - a +0 dagger
 h - a +0 whip of venom
 o - a +1 dagger of freezing
 p - a +0 hunting sling
 q - a +5 spear
 r - a +0 hand axe
 H - the +2 mace "Petoixzo" {vorpal, MP+9}
   (You took it off a hobgoblin on level 5 of the Dungeon)

   It inflicts extra damage upon your enemies.
   MP:        It affects your magic capacity (+9).
 I - a +2 dagger of electrocution
 O - a +2 mace of protection (weapon)
Missiles
 b - 27 poisoned darts (quivered)
 g - 30 arrows
 s - 35 bolts
 z - 4 throwing nets
 D - 59 sling bullets
 E - 11 boomerangs
Armour
 c - a +0 ring mail
 l - a +0 animal skin
 m - a +0 helmet
 B - a +0 scale mail
 J - a +4 ring mail of cold resistance (worn)
 K - a +0 chain mail
 L - a +2 hat (worn)
Jewellery
 j - a ring of protection from fire (left hand)
 P - a +6 ring of intelligence (right hand)
Wands
 f - a wand of polymorph (4)
 y - a wand of acid (9)
 F - a wand of mindburst (15)
 N - a wand of digging (1)
Scrolls
 e - a scroll of amnesia
 k - 2 scrolls of fog
 t - 2 scrolls of vulnerability
 v - a scroll of silence
 x - a scroll of magic mapping
 A - 3 scrolls of blinking {unknown}
 C - 2 scrolls of teleportation {unknown}
 G - a scroll of noise {unknown}
Potions
 d - 2 potions of curing
 i - a potion of haste {unknown}
 n - 2 potions of heal wounds {unknown}
 u - 2 potions of lignification {unknown}
 w - a potion of berserk rage {unknown}
 M - a potion of might {unknown}
 Q - 2 potions of magic {unknown}


   Skills:
 + Level 4.2 Fighting
 + Level 3.3 Short Blades
 + Level 3.3 Long Blades
 + Level 5.7 Axes
 + Level 3.3 Maces & Flails
 + Level 3.3 Polearms
 + Level 3.3 Staves
 + Level 3.3 Slings
 + Level 3.3 Bows
 + Level 3.3 Crossbows
 + Level 4.2 Throwing
 + Level 3.3 Armour
 + Level 3.3 Dodging
 + Level 4.1 Stealth
 + Level 3.3 Shields
 + Level 3.3 Unarmed Combat
 + Level 6.1 Spellcasting
 + Level 6.1 Conjurations
 + Level 2.7 Hexes
 + Level 2.7 Summonings
 + Level 2.7 Necromancy
 + Level 2.7 Translocations
 + Level 2.7 Transmutations
 + Level 2.7 Fire Magic
 + Level 2.7 Ice Magic
 + Level 2.7 Air Magic
 + Level 2.7 Earth Magic
 + Level 2.7 Poison Magic
 + Level 3.6 Invocations
 + Level 3.3 Evocations


You had 15 spell levels left.
You knew the following spells:

 Your Spells              Type           Power      Damage    Failure   Level
a - Magic Dart            Conj           100%       1d8       1%          1
b - Foxfire               Conj/Fire      88%        2x1d8     3%          1
c - Sting                 Tmut/Pois      64%        1d6       8%          1
d - Summon Small Mammal   Summ           64%        N/A       8%          1

Your spell library contained the following spells:

 Spells                   Type           Power      Damage    Failure   Level
 Blink                    Tloc           N/A        N/A       12%         2
 Call Imp                 Summ           16%        N/A       12%         2
 Slow                     Hex            16%        N/A       12%         2
 Conjure Flame            Conj/Fire      22%        6-21      12%         3
 Mephitic Cloud           Conj/Pois/Air  20%        N/A       14%         3
 Call Canine Familiar     Summ           16%        N/A       22%         3
 Gell's Gravitas          Tloc           8%         N/A       22%         3
 Lesser Beckoning         Tloc           8%         N/A       22%         3
 Spider Form              Tmut/Pois      8%         N/A       22%         3
 Summon Guardian Golem    Hex/Summ       16%        N/A       22%         3
 Teleport Other           Tloc           16%        N/A       22%         3


Dungeon Overview and Level Annotations

Branches:
Dungeon (7/15)             Temple (1/1) D:5

Altars:
Ashenzari
Cheibriados
Dithmenos
Elyvilon
Fedhas
Gozag
Hepliaklqana
Kikubaaqudgha
Makhleb
Nemelex Xobeh
Okawaru
Qazlal
Ru
Sif Muna
Trog
Uskayaw
Vehumet
Wu Jian
Xom
Yredelemnul
Zin
The Shining One

Shops:
D:1 [   D:4 (   D:6 [


Innate Abilities, Weirdness & Mutations

You have very sharp teeth.
Your uncanny sense of smell can sniff out nearby items.
Your experience applies equally to all skills.


Message History

The centaur hits you but does no damage.
The centaur barely misses you.
Casting: Foxfire (safe; 4% risk of failure)
Confirm with . or Enter, or press ? or * to list all spells.
You conjure some foxfire!
The centaur hits you but does no damage.
The centaur misses you.
The kobold brigand completely misses you.
You hit the kobold brigand.
You kill the kobold brigand!
Okawaru accepts your kill.
The foxfire hits the centaur.
The centaur is lightly wounded.
The foxfire hits the centaur.
The centaur is moderately wounded.
The centaur hits you but does no damage.
The centaur kicks you but does no damage.
The centaur hits you but does no damage.
The centaur barely misses you.
The centaur wields a +0 shortbow.
The centaur shoots an arrow.
The arrow hits you.
Items here: (( )) †.
The centaur shoots an arrow.
The arrow hits you.
* * * LOW HITPOINT WARNING * * *
The centaur shoots an arrow.
The arrow barely misses you.
You see here a +0 dagger.
Casting: Foxfire (safe; 3% risk of failure)
Confirm with . or Enter, or press ? or * to list all spells.
Aiming: Sting (safe; 8% risk of failure)
Press: ? - help, Shift-Dir - straight line, f - centaur
Aim: a centaur, wielding a +0 shortbow and quivering arrows (moderately wounded, 84% to hit)
The sting hits the centaur.
The centaur is poisoned.
The centaur is moderately wounded.
The centaur shoots an arrow.
The arrow hits you!
* * * LOW HITPOINT WARNING * * *
It was a potion of curing.
You feel better.
The centaur shoots an arrow.
The arrow hits you!
* * * LOW HITPOINT WARNING * * *
The centaur shoots an arrow.
The arrow hits you!
You die...

#.......#
#.#####.##########
#.# #.......>...
#.# ###########.
#.# #########. #.#
.......... #.#
########.. #.#
###.. #@# ####....
#)###.### ........
#))...............
#)c...............
#..##.#....#.#.#.#
#..# .. ........#
#..# .. ##.#.###
#..# . #.#. #(.# #
#


You could see a centaur (poisoned).

Vanquished Creatures
  A black bear (D:6)
  A necrophage (D:4)
  2 kobold brigands
  3 scorpions
  A howler monkey (D:4)
  A centaur zombie (D:6)
  2 jellies
  2 orc priests (D:5)
  3 hounds
  2 hound skeletons (D:4)
  Robin (D:2)
  18 gnolls
  8 adders
  An ufetubus (D:5)
  An adder skeleton (D:4)
  3 worms
  2 dart slugs
  6 orcs
  11 endoplasms
  3 giant cockroaches
  33 goblins
  42 hobgoblins
  4 jackals (D:1)
  3 ball pythons
  6 bats
  3 frilled lizards
  16 kobolds
  6 rats
185 creatures vanquished.

Vanquished Creatures (others)
  14 foxfires
14 creatures vanquished.

Grand Total: 199 creatures vanquished

Notes
Turn   | Place    | Note
-------+----------+-------------------------------------------
     0 | D:1      | chaosape the Gnoll Wanderer began the quest for the Orb.
     0 | D:1      | chaosape set off with the following items: a +0 dagger, 9
                  | poisoned darts, a +0 ring mail; and the following spell
                  | memorised: Magic Dart; and the following spells available
                  | to memorise: Conjure Flame, Mephitic Cloud, Blink, Call
                  | Imp, Slow
     0 | D:1      | Reached XP level 1. HP: 17/17 MP: 6/6
   249 | D:1      | Reached XP level 2. HP: 23/23 MP: 5/7
   989 | D:1      | Reached XP level 3. HP: 28/28 MP: 2/9
  1057 | D:1      | Reached skill level 5 in Spellcasting
  1938 | D:1      | Reached skill level 1 in Invocations
  2080 | D:1      | Found Ynlou's Antique Armour Emporium.
  2594 | D:2      | Reached skill level 1 in Short Blades
  2594 | D:2      | Reached skill level 1 in Long Blades
  2594 | D:2      | Reached skill level 1 in Maces & Flails
  2594 | D:2      | Reached skill level 1 in Polearms
  2594 | D:2      | Reached skill level 1 in Staves
  2594 | D:2      | Reached skill level 1 in Slings
  2594 | D:2      | Reached skill level 1 in Bows
  2594 | D:2      | Reached skill level 1 in Crossbows
  2594 | D:2      | Reached skill level 1 in Armour
  2594 | D:2      | Reached skill level 1 in Dodging
  2594 | D:2      | Reached skill level 1 in Shields
  2594 | D:2      | Reached skill level 1 in Unarmed Combat
  2594 | D:2      | Reached skill level 1 in Evocations
  2793 | D:2      | Noticed Robin
  2799 | D:2      | Reached XP level 4. HP: 34/34 MP: 9/11
  3018 | D:2      | Killed Robin
  3019 | D:2      | Reached skill level 1 in Hexes
  3019 | D:2      | Reached skill level 1 in Summonings
  3019 | D:2      | Reached skill level 1 in Necromancy
  3019 | D:2      | Reached skill level 1 in Translocations
  3019 | D:2      | Reached skill level 1 in Transmutations
  3019 | D:2      | Reached skill level 1 in Fire Magic
  3019 | D:2      | Reached skill level 1 in Ice Magic
  3019 | D:2      | Reached skill level 1 in Air Magic
  3019 | D:2      | Reached skill level 1 in Earth Magic
  3019 | D:2      | Reached skill level 1 in Poison Magic
  3572 | D:2      | Found a shimmering altar of Xom.
  3747 | D:2      | Found a faded altar of an unknown god.
  4342 | D:3      | Reached XP level 5. HP: 40/40 MP: 7/12
  5310 | D:4      | Reached XP level 6. HP: 43/47 MP: 8/13
  5785 | D:4      | Reached skill level 5 in Axes
  5899 | D:4      | Found Bioviwkear's Weapon Shoppe.
  6232 | D:4      | Noticed a necrophage
  6240 | D:4      | Killed a necrophage
  6345 | D:4      | Reached XP level 7. HP: 47/52 MP: 12/15
  6507 | D:5      | Entered Level 5 of the Dungeon
  7071 | D:5      | Identified the +2 mace "Petoixzo" {vorpal, MP+9}
  7545 | D:1      | Bought a runed ring mail for 182 gold pieces
  7767 | D:5      | Found a staircase to the Ecumenical Temple.
  7806 | Temple   | Entered the Ecumenical Temple
  7856 | Temple   | Became a worshipper of Warmaster Okawaru
  9382 | D:6      | Found an opulent altar of Gozag.
  9438 | D:6      | Found a glowing silver altar of Zin.
  9520 | D:6      | Reached XP level 8. HP: 55/60 MP: 16/16
 10002 | D:6      | Got Lisikong's Almanac of Flamy Poisoning
 10005 | D:6      | Learned a level 1 spell: Foxfire
 10007 | D:6      | Learned a level 1 spell: Sting
 10009 | D:6      | Learned a level 1 spell: Summon Small Mammal
 10364 | D:6      | Found Myeh's Antique Armour Emporium.
 10594 | D:6      | Reached * piety under Okawaru
 11078 | D:7      | HP: 3/60 [centaur/arrow (12)]
 11078 | D:7      | Shot with an arrow by a centaur

Illustrated notes

Levels and vault maps discovered:
D:1:      dpeg_arrival_boxes_within_box, layout_basic, serial_shops, shop
D:2:      layout_loops_ring, shapermc_ecumenical_altar_venn, basic_altar,
          chequers_serial_rivers_large_a, minmay_misc_feat_x,
          minmay_pentomino_pile, uniq_robin
D:3:      minmay_skewed_foursquare, layout_basic, minmay_vboxes
D:4:      layout_basic, serial_shops, nicolae_lakefront_shop,
          chequers_serial_rivers_micro_e
D:5:      minmay_goblin_kobold_castle, layout_loops_ring,
          minmay_temple_entry_statues_fountains
D:6:      layout_loops_ring, pdpol_temple_overflow_zin_treasury_gozag_greed,
          serial_shops, shop
D:7:      layout_loops_ring
Temple:   regret_index_temple_chain_breaker

Skill      XL: |  1  2  3  4  5  6  7  8 |
---------------+-------------------------+-----
Spellcasting   | 5 6 |  6.1
Invocations    | 1 2 3 |  3.6
Short Blades   | 1 2 3 |  3.3
Long Blades    | 1 2 3 |  3.3
Maces & Flails | 1 2 3 |  3.3
Polearms       | 1 2 3 |  3.3
Staves         | 1 2 3 |  3.3
Slings         | 1 2 3 |  3.3
Bows           | 1 2 3 |  3.3
Crossbows      | 1 2 3 |  3.3
Armour         | 1 2 3 |  3.3
Dodging        | 1 2 3 |  3.3
Shields        | 1 2 3 |  3.3
Unarmed Combat | 1 2 3 |  3.3
Evocations     | 1 2 3 |  3.3
Hexes          | 1 2 |  2.7
Summonings     | 1 2 |  2.7
Necromancy     | 1 2 |  2.7
Translocations | 1 2 |  2.7
Transmutations | 1 2 |  2.7
Fire Magic     | 1 2 |  2.7
Ice Magic      | 1 2 |  2.7
Air Magic      | 1 2 |  2.7
Earth Magic    | 1 2 |  2.7
Poison Magic   | 1 2 |  2.7
Fighting       | 3 4 |  4.2
Throwing       | 3 4 |  4.2
Stealth        | 3 4 |  4.1
Axes           | 5 |  5.7
Conjurations   | 6 |  6.1

Action                   |  1- 3 |  4- 6 |  7- 9 || total
-------------------------+-------+-------+-------++-------
Melee: Dagger            |    67 |    27 |       ||    94
       Bite              |     4 |     8 |    16 ||    28
       Spear             |       |    67 |    34 ||   101
       Mace              |       |       |   202 ||   202
Throw: Dart              |       |     2 |       ||     2
 Cast: Magic Dart        |    79 |   120 |    97 ||   296
       Foxfire           |       |       |    15 ||    15
       Summon Small Mamm |       |       |     2 ||     2
       Sting             |       |       |     1 ||     1
  Use: Scroll            |       |     5 |     4 ||     9
       Potion            |       |       |     1 ||     1
Armor: Ring mail         |    28 |    16 |   196 ||   240
       Scale mail        |       |     7 |    11 ||    18
Dodge: Dodged            |    35 |    43 |   252 ||   330
